 Dungeon Crawl Stone Soup version 0.30-a0-585-g93115170b9 (webtiles) character file.

Game seed: 16580143506724208402

175 Angani the Cudgeller (level 5, -1/30 (41) HPs)
             Began as a Draconian Reaver on Jan 3, 2023.
             Constricted to death by Robin (5 damage)
             ... on level 2 of the Dungeon.
             The game lasted 00:03:37 (1737 turns).

Angani the Cudgeller (Draconian Reaver)             Turns: 1737, Time: 00:03:38

HP:   -1/30 (41)    AC:  5    Str: 15    XL:     5   Next: 29%
MP:   8/10          EV:  9    Int: 15    God:
Gold: 98            SH:  0    Dex:  9    Spells: 7/10 levels left

rFire   . . .      SeeInvis .    e - +0 whip
rCold   . . .      Faith    .    (no shield)
rNeg    . . .      Spirit   .    (body armour unavailable)
rPois   .          Reflect  .    (helmet restricted)
rElec   .          Harm     .    (no cloak)
rCorr   .          Rampage  .    (no gloves)
Will    .....                    (no boots)
Stlth   +                        (no amulet)
HPRegen 0.25/turn                (no ring)
MPRegen 0.12/turn                (no ring)

@: grasped by roots, constricted, very heavily drained
A: AC +5, unfitting armour, cold-blooded
a: no special abilities


You were on level 2 of the Dungeon.
You visited 1 branch of the dungeon, and saw 2 of its levels.

You collected 98 gold pieces.

Inventory:

Hand Weapons
 a - a +0 mace
 e - a +0 whip (weapon)
Scrolls
 d - a scroll of vulnerability {unknown}
 f - a scroll of teleportation {unknown}
 g - 2 scrolls of fog {unknown}
 h - a scroll of magic mapping {unknown}
 i - a scroll of noise {unknown}
 l - a scroll of enchant weapon {unknown}
Potions
 b - 3 potions of berserk rage
 c - 2 potions of resistance {unknown}
 j - a potion of invisibility
 k - a potion of flight {unknown}
 m - 2 potions of might {unknown}


   Skills:
 - Level 2.1 Fighting
 + Level 4.2 Maces & Flails
 - Level 1.7 Dodging
 + Level 3.3 Spellcasting
 + Level 4.2 Conjurations


You had 7 spell levels left.
You knew the following spells:

 Your Spells              Type           Power      Damage    Failure   Level
a - Kiss of Death         Conj/Necr      32%        2d7       9%          1
b - Momentum Strike       Conj/Tloc      16%        3d8       12%         2

Your spell library contained the following spells:

 Spells                   Type           Power      Damage    Failure   Level
 Hailstorm                Conj/Ice       8%         3d4       24%         3
 Summon Forest            Summ/Tloc      1%         N/A       99%         5
 Eringya's Noxious Bog    Tmut/Pois      1%         N/A       100%        6
 Summon Hydra             Summ           1%         N/A       100%        7


Dungeon Overview and Level Annotations

Branches:
Dungeon (2/15)

Altars:

Annotations:
D:2 Robin


Innate Abilities, Weirdness & Mutations

Your plain brown scales are hard. (AC +5)
You cannot fit into any form of body armour.
You are cold-blooded and may be slowed by cold attacks.


Message History

The grasping roots grab you! The grasping roots constrict you.
Items here: $ )) †.
The roots grasp on you weakens, but your attempt to escape fails.
Robin hits you but does no damage. The grasping roots constrict you.
The grasping roots release their grip on you.
Robin hits you with a +0 spear.
Casting: Momentum Strike (safe; 12% risk of failure)
Confirm with . or Enter, or press ? or * to list all spells.
Aiming: Momentum Strike (safe; 12% risk of failure)
Press: ? - help, Dir - move target, f - Robin
Aim: Robin, wielding a +0 spear, wearing a +0 animal skin, wearing a +0 helmet and carrying a wand of roots (13) (77% to hit)
The concentrated momentum hits Robin!
Robin is almost dead.
You are unable to move.
Robin closely misses you.
Unknown command.
You closely miss Robin.
Robin is almost dead.
Robin closely misses you.
An endoplasm comes into view.
You hit Robin but do no damage.
Robin is almost dead.
Robin zaps a wand.
The roots erupt in riotous growth!
The grasping roots grab you!
Robin is unaffected.
The grasping roots constrict you.
Unknown command.
You barely miss Robin.
Robin is almost dead.
Robin hits you with a +0 spear. The grasping roots constrict you.
You hit Robin but do no damage.
Robin is almost dead.
Robin hits you but does no damage. The grasping roots constrict you.
* * * LOW HITPOINT WARNING * * *
You hit Robin but do no damage.
Robin is almost dead.
You are no longer robbed of momentum.
Robin hits you with a +0 spear.
* * * LOW HITPOINT WARNING * * *
The grasping roots constrict you.
You die...

#..... ####......
##?........ #......g...
###..(.#..... ##...####
..# ##..### # #g.##
#######@##
..).J..)################
.......)††))<........)..
########################


You could see Robin and an endoplasm.

Vanquished Creatures
  Terence (D:2)
  Natasha (thrice) (D:2)
  An adder (D:2)
  2 worms (D:2)
  5 ball pythons
  4 bats
  6 endoplasms
  3 giant cockroaches (D:1)
  11 goblins
  3 hobgoblins (D:2)
  2 jackals (D:2)
  5 kobolds
  3 quokkas
  2 frilled lizards
  3 rats
54 creatures vanquished.

Notes
Turn   | Place    | Note
-------+----------+-------------------------------------------
     0 | D:1      | Angani the Draconian Reaver began the quest for the Orb.
     0 | D:1      | Reached XP level 1. HP: 17/17 MP: 3/3
   171 | D:1      | Reached XP level 2. HP: 18/24 MP: 5/5
   833 | D:1      | Learned a level 2 spell: Momentum Strike
   836 | D:2      | Noticed Natasha
   862 | D:2      | Killed Natasha
   863 | D:2      | Reached XP level 3. HP: 12/28 MP: 0/6
   973 | D:2      | Noticed Natasha
   984 | D:2      | Killed Natasha
   985 | D:2      | Reached XP level 4. HP: 31/36 MP: 2/8
  1037 | D:2      | Noticed Terence
  1053 | D:2      | Killed Terence
  1260 | D:2      | Noticed Natasha
  1266 | D:2      | Killed Natasha
  1426 | D:2      | Reached XP level 5. HP: 26/28 MP: 9/9
  1718 | D:2      | Noticed Robin
  1737 | D:2      | Constricted to death by Robin

Illustrated notes

Levels and vault maps discovered:
D:1:      minmay_arrival_arboretum_small, layout_basic
D:2:      layout_rooms, uniq_terence, uniq_robin, uniq_natasha

Skill      XL: |  1  2  3  4 |
---------------+-------------+-----
Spellcasting   | 3 |  3.3
Maces & Flails | 4 |  4.2
Conjurations   | 4 |  4.2
Fighting       | |  2.1
Dodging        | |  1.7

Action                   |  1- 3 |  4- 6 || total
-------------------------+-------+-------++-------
Melee: Mace              |    29 |       ||    29
       Tailslap          |     6 |    13 ||    19
       Whip              |    38 |   141 ||   179
       Punch             |       |     1 ||     1
 Cast: Momentum Strike   |     4 |     5 ||     9
       Kiss of Death     |     1 |     4 ||     5
  Use: Scroll            |     2 |       ||     2
 Stab: Sleeping          |     1 |     1 ||     2
Armor: Skin              |    18 |    49 ||    67
Dodge: Dodged            |    49 |    89 ||   138

Table legend: (Time is in decaauts)
 A = Elapsed time spent in this place.
 B = Non-inter-level travel time spent in this place.
 C = Inter-level travel time spent in this place.
 D = Time resting spent in this place.
 E = Time spent auto-exploring this place.
 F = Levels seen in this place.
 G = Mean time per level.
                   A        B        C        D        E       F      G
               +--------+--------+--------+--------+--------+-----+--------+
         Total |   1730 |   1729 |      1 |    270 |   1052 |   2 |  865.0 |
       Dungeon |   1730 |   1729 |      1 |    270 |   1052 |   2 |  865.0 |
               +--------+--------+--------+--------+--------+-----+--------+

Top non-repeatable levels by time:
     D:2: 871 daAuts
     D:1: 859 daAuts
